 Dungeon Crawl Stone Soup version 0.27-a0-531-gb72ec1a1b6 (webtiles) character file.

Game seed: 4599867503501167974

104 sahdkjhfkaj the Ruffian (level 4, -1/41 HPs)
             Began as an Ogre Transmuter on Mar 6, 2021.
             Slain by an orc priest
             ... wielding a +0 flail
              (4 damage)
             ... on level 2 of the Dungeon.
             The game lasted 00:01:55 (3500 turns).

sahdkjhfkaj the Ruffian (Ogre Transmuter)           Turns: 3500, Time: 00:01:55

Health: -1/41      AC:  3    Str: 14    XL:     4   Next: 80%
Magic:  6/7        EV:  9    Int: 15    God:
Gold:   30         SH:  0    Dex:  9    Spells: 3/7 levels left

rFire    . . .     SeeInvis .     - Unarmed
rCold    . . .     Faith    +   (no shield)
rNeg     . . .     Spirit   .   a - +0 robe
rPois    .         Reflect  .   (helmet currently unavailable)
rElec    .         Harm     .   (no cloak)
rCorr    .         Rampage  .   (gloves unavailable)
Will     .....                  (boots unavailable)
Stlth    +.........             e - amulet of faith
HPRegen  0.13/turn              (no ring)
MPRegen  0.10/turn              (no ring)

@: appendages
A: large, unfitting armour, horns 2, talons 2, tough skin 1
a: End Transformation


You were on level 2 of the Dungeon.
You had grown temporary horns.
You had grown temporary talons.
You visited 1 branch of the dungeon, and saw 3 of its levels.

You collected 30 gold pieces.

Inventory:

Armour
 a - a +0 robe (worn)
Jewellery
 e - an amulet of faith (around neck)
 f - an amulet of reflection
Scrolls
 c - a scroll of enchant armour {unknown}
 h - 3 scrolls of identify {unknown}
 j - a scroll of random uselessness {unknown}
 l - a scroll of fog {unknown}
Potions
 b - 3 potions of curing {unknown}
 d - a potion of mutation {unknown}
 g - a potion of ambrosia {unknown}
 i - a potion of cancellation {unknown}
 k - a potion of heal wounds {unknown}
 m - 2 potions of haste {unknown}
 n - a potion of resistance {unknown}


   Skills:
 - Level 1.3 Fighting
 - Level 1.7 Dodging
 + Level 4.9 Unarmed Combat
 - Level 2.4 Spellcasting
 - Level 1.7 Transmutations


You had 3 spell levels left.
You knew the following spells:

 Your Spells              Type           Power      Damage    Failure   Level
a - Beastly Appendage     Tmut           14%        N/A       11%         1
x - Spider Form           Tmut/Pois      2%         N/A       41%         3

Your spell library contained the following spells:

 Spells                   Type           Power      Damage    Failure   Level
 Wereblood                Tmut           7%         N/A       16%         2
 Ice Form                 Ice/Tmut       4%         N/A       83%         4
 Blade Hands              Tmut           3%         N/A       96%         5


Dungeon Overview and Level Annotations

Branches:
Dungeon (3/15)

Altars:


Innate Abilities, Weirdness & Mutations

You are too large for most types of armour.
You have tough skin. (AC +1)
You have a pair of horns on your head.
You have razor-sharp toenails.


Message History

The frilled lizard bites you.
You hit the orc priest but do no damage.
Your kick misses the orc priest. You headbutt the orc priest.
The orc priest is moderately wounded.
The orc priest barely misses you. The frilled lizard bites you.
You punch the orc priest! Your kick misses the orc priest.
You headbutt the orc priest, but do no damage.
The orc priest is severely wounded.
The orc priest invokes the aid of Beogh against you.
Pain shoots through your body!
* * * LOW HITPOINT WARNING * * *
The frilled lizard closely misses you.
You hit the orc priest. Your kick misses the orc priest.
The orc priest is almost dead.
The orc priest closely misses you. The frilled lizard bites you.
* * * LOW HITPOINT WARNING * * *
Unknown command.
Okay, then.
You aren't carrying any items that you can evoke.
You barely miss the orc priest.
You headbutt the orc priest, but do no damage.
The orc priest is almost dead.
The frilled lizard bites you.
* * * LOW HITPOINT WARNING * * *
You barely miss the orc priest.
The orc priest is almost dead.
Your horns disappear.
Your talons disappear.
The orc priest hits you with a +0 flail.
* * * LOW HITPOINT WARNING * * *
You closely miss the orc priest.
The orc priest is almost dead.
The frilled lizard barely misses you.
The orc priest mumbles some strange prayers to Beogh against you.
You barely resist.
Casting: Beastly Appendage (safe; 11% risk of failure)
Confirm with . or Enter, or press ? or * to list all spells.
You grow a pair of large bovine horns.
Your feet morph into talons.
The frilled lizard barely misses you.
The orc priest hits you with a +0 flail.
You die...

##### #.... ### #####
#.### ##.##
#...####.###
##l@.####......)....
##.[o..#.......##.###
#.........)....##.#
##.....#.......##.#
##...####...####.###
##.## #.......#...
#.# #####.####.###
####.###.###.####.###
#....................


You could see an orc priest and a frilled lizard.

Vanquished Creatures
  5 adders (D:2)
  3 dart slugs
  A worm (D:2)
  2 leopard geckos (D:1)
  2 orcs (D:2)
  2 giant cockroaches
  5 goblins (D:2)
  7 hobgoblins
  6 jackals
  3 kobolds
  6 bats
  A frilled lizard (D:1)
  3 rats
46 creatures vanquished.

Notes
Turn   | Place    | Note
-------+----------+-------------------------------------------
     0 | D:1      | sahdkjhfkaj the Ogre Transmuter began the quest for the
                  | Orb.
     0 | D:1      | Reached XP level 1. HP: 19/19 MP: 3/3
    79 | D:1      | Reached skill level 3 in Unarmed Combat
   354 | D:1      | Reached XP level 2. HP: 27/27 MP: 3/5
  1014 | D:1      | Reached XP level 3. HP: 31/33 MP: 4/6
  1488 | D:2      | Reached skill level 4 in Unarmed Combat
  1496 | D:2      | Learned a level 3 spell: Spider Form
  2076 | D:2      | Reached XP level 4. HP: 29/41 MP: 5/7
  3166 | D:3      | Found a faded altar of an unknown god.
  3498 | D:2      | HP: 2/41 [orc priest/+0 flail (4)]
  3500 | D:2      | Slain by an orc priest

Illustrated notes

Levels and vault maps discovered:
D:1:      saegor_arrival_simple_d, layout_basic, minmay_misc_feat_x
D:2:      layout_loops_ring, small_statue_intersection
D:3:      cheibrodos_thug_alley, layout_loops_ring,
          chequers_ecumenical_altar_island, guppyfry_early_orc_mine

Skill      XL: |  1  2  3 |
---------------+----------+-----
Unarmed Combat | 3 4 |  4.9
Fighting       | |  1.3
Dodging        | |  1.7
Spellcasting   | |  2.4
Transmutations | |  1.7

Action                   |  1- 3 |  4- 6 || total
-------------------------+-------+-------++-------
Melee: Unarmed           |   101 |    63 ||   164
       Kick              |    16 |     6 ||    22
       Headbutt          |     9 |     6 ||    15
       Punch             |     2 |       ||     2
 Cast: Beastly Appendage |    24 |    18 ||    42
Armor: Robe              |    32 |    15 ||    47
Dodge: Dodged            |    54 |    28 ||    82

Table legend: (Time is in decaauts)
 A = Elapsed time spent in this place.
 B = Non-inter-level travel time spent in this place.
 C = Inter-level travel time spent in this place.
 D = Time resting spent in this place.
 E = Time spent auto-exploring this place.
 F = Levels seen in this place.
 G = Mean time per level.
                   A        B        C        D        E       F      G
               +--------+--------+--------+--------+--------+-----+--------+
         Total |   3490 |   3380 |    110 |      0 |   3037 |   3 | 1163.3 |
       Dungeon |   3490 |   3380 |    110 |      0 |   3037 |   3 | 1163.3 |
               +--------+--------+--------+--------+--------+-----+--------+

Top non-repeatable levels by time:
     D:2: 2006 daAuts
     D:1: 1474 daAuts
     D:3: 10 daAuts
